| TOP OF THE 1ST |
|
Texas Rangers batting - Pitching for Chicago White Sox : RHP Bruce Kison
|
|
Pitching: RHP Bruce Kison
|
|
|
Batting: LHB Lenny Dykstra
|
0-0: Ball 1-0: SINGLE (Line Drive, 8LS, EV 102.5 MPH)
|
|
Batting: RHB Kirby Puckett
|
0-0: Ball 1-0: Foul Ball, location: 2F 1-1: Foul Ball, location: 2F 1-2: Foul Ball, location: 2F 1-2: Fly out, F6 (Popup, P, EV 84.4 MPH)
|
|
Batting: RHB Steve Garvey
|
0-0: Ball 1-0: Called Strike 1-1: Called Strike 1-2: Fly out, F8 (Flyball, 89M, EV 86.3 MPH)
|
|
Batting: RHB Steve Balboni
|
0-0: Ball 1-0: Foul Ball, location: 2F 1-1: Ball 2-1: Called Strike Lenny Dykstra steals 2nd base 2-2: Foul Ball, location: 2F 2-2: Foul Ball, location: 2F 2-2: Ball 3-2: Fly out, F7 (Flyball, 8LS, EV 80.0 MPH)
|
| Top of the 1st over - 0 runs, 1 hit, 0 errors, 1 left on base; Texas 0 - Chicago 0 |
| BOTTOM OF THE 1ST |
|
Chicago White Sox batting - Pitching for Texas Rangers : RHP Tim Leary
|
|
Pitching: RHP Tim Leary
|
|
|
Batting: SHB Ozzie Smith
|
0-0: Foul Ball, location: 2F 0-1: Ball 1-1: Swinging Strike 1-2: Strikes out looking
|
|
Batting: LHB Mitchell Page
|
0-0: Called Strike 0-1: Ball 1-1: Fly out, F7 (Flyball, 7S, EV 89.4 MPH)
|
|
Batting: RHB Kevin McReynolds
|
0-0: Swinging Strike 0-1: Ball 1-1: Called Strike 1-2: Strikes out looking
|
| Bottom of the 1st over - 0 runs, 0 hits, 0 errors, 0 left on base; Texas 0 - Chicago 0 |
| TOP OF THE 2ND |
|
Texas Rangers batting - Pitching for Chicago White Sox : RHP Bruce Kison
|
|
Batting: LHB Jody Helser
|
0-0: Ball 1-0: Fly out, F7 (Line Drive, 7, EV 86.9 MPH)
|
|
Batting: LHB Richie Hebner
|
0-0: Ball 1-0: Called Strike 1-1: Swinging Strike 1-2: Fly out, F4 (Flyball, 34D, EV 81.3 MPH)
|
|
Batting: LHB Ernie Whitt
|
0-0: Called Strike 0-1: Ball 1-1: Ball 2-1: Fly out, F8 (Flyball, 8RD, EV 104.4 MPH)
|
| Top of the 2nd over - 0 runs, 0 hits, 0 errors, 0 left on base; Texas 0 - Chicago 0 |
| BOTTOM OF THE 2ND |
|
Chicago White Sox batting - Pitching for Texas Rangers : RHP Tim Leary
|
|
Batting: RHB Tim Teufel
|
0-0: Called Strike 0-1: Ball 1-1: Swinging Strike 1-2: Ball 2-2: Strikes out swinging
|
|
Batting: RHB Steve Henderson
|
0-0: Ball 1-0: Ball 2-0: Called Strike 2-1: Ball 3-1: Called Strike 3-2: Foul Ball, location: 2F 3-2: Strikes out swinging, 2-3 out at first.
|
|
Batting: RHB Mike Heath
|
0-0: Foul Ball, location: 2F 0-1: Ground out 5-3 (Groundball, 56, EV 100.6 MPH)
|
| Bottom of the 2nd over - 0 runs, 0 hits, 0 errors, 0 left on base; Texas 0 - Chicago 0 |
| TOP OF THE 3RD |
|
Texas Rangers batting - Pitching for Chicago White Sox : RHP Bruce Kison
|
|
Batting: RHB Juan Rodriguez
|
0-0: Called Strike 0-1: Single, Error in OF, E7, batter to second base (Groundball, 56D, EV 106.3 MPH)
|
|
Batting: RHB Juan Samuel
|
0-0: Called Strike 0-1: Bunt missed! 0-2: Ground out 6-3 (Groundball, 6M, EV 105.6 MPH) Juan Rodriguez to third
|
|
Batting: LHB Lenny Dykstra
|
0-0: Called Strike 0-1: Fly out, F6 (Line Drive, 6, EV 68.1 MPH)
|
|
Batting: RHB Kirby Puckett
|
0-0: Ball 1-0: Ground out U3 (Groundball, 23, EV 86.9 MPH)
|
| Top of the 3rd over - 0 runs, 1 hit, 1 error, 1 left on base; Texas 0 - Chicago 0 |
| BOTTOM OF THE 3RD |
|
Chicago White Sox batting - Pitching for Texas Rangers : RHP Tim Leary
|
|
Batting: LHB Ryan MacFarland
|
0-0: Ground out U3 (Groundball, 3L, EV 101.9 MPH)
|
|
Batting: RHB Mike A Marshall
|
0-0: Called Strike 0-1: Called Strike 0-2: Ball 1-2: Strikes out swinging
|
|
Batting: LHB Steve Christmas
|
0-0: Swinging Strike 0-1: Called Strike 0-2: Ball 1-2: Strikes out swinging
|
| Bottom of the 3rd over - 0 runs, 0 hits, 0 errors, 0 left on base; Texas 0 - Chicago 0 |
| TOP OF THE 4TH |
|
Texas Rangers batting - Pitching for Chicago White Sox : RHP Bruce Kison
|
|
Batting: RHB Steve Garvey
|
0-0: Ball 1-0: Reached on error, E6 (Groundball, 6MD, EV 105.0 MPH)
|
|
Batting: RHB Steve Balboni
|
0-0: Hit by Pitch
|
|
Pinch Runner at 1st Rich Dauer:
|
|
|
Batting: LHB Jody Helser
|
0-0: Called Strike 0-1: Swinging Strike 0-2: Ball 1-2: Foul Ball, location: 2F 1-2: Ball 2-2: Grounds into double play, 3-6-3 (Groundball, 34, EV 86.3 MPH) Steve Garvey to third
|
|
Batting: LHB Richie Hebner
|
0-0: Ball 1-0: Ground out U3 (Groundball, 3, EV 82.5 MPH)
|
| Top of the 4th over - 0 runs, 0 hits, 1 error, 1 left on base; Texas 0 - Chicago 0 |
| BOTTOM OF THE 4TH |
|
Chicago White Sox batting - Pitching for Texas Rangers : RHP Tim Leary
|
|
Now at 1B: George Bjorkman
|
|
|
Batting: SHB Ozzie Smith
|
0-0: Fly out, F7 (Flyball, 7D, EV 105.6 MPH)
|
|
Batting: LHB Mitchell Page
|
0-0: Swinging Strike 0-1: Swinging Strike 0-2: Strikes out looking
|
|
Batting: RHB Kevin McReynolds
|
0-0: Fly out, F9 (Flyball, 89M, EV 73.8 MPH)
|
| Bottom of the 4th over - 0 runs, 0 hits, 0 errors, 0 left on base; Texas 0 - Chicago 0 |
| TOP OF THE 5TH |
|
Texas Rangers batting - Pitching for Chicago White Sox : RHP Bruce Kison
|
|
Batting: LHB Ernie Whitt
|
0-0: Ball 1-0: Ball 2-0: Ball 3-0: Called Strike 3-1: Swinging Strike 3-2: Foul Ball, location: 2F 3-2: Strikes out swinging
|
|
Batting: RHB Juan Rodriguez
|
0-0: Foul Ball, location: 2F 0-1: Swinging Strike 0-2: Ball 1-2: Ball 2-2: Strikes out swinging
|
|
Batting: RHB Juan Samuel
|
0-0: Ground out 5-3 (Groundball, 5, EV 87.5 MPH)
|
| Top of the 5th over - 0 runs, 0 hits, 0 errors, 0 left on base; Texas 0 - Chicago 0 |
| BOTTOM OF THE 5TH |
|
Chicago White Sox batting - Pitching for Texas Rangers : RHP Tim Leary
|
|
Batting: RHB Tim Teufel
|
0-0: Ball 1-0: Called Strike 1-1: Foul Ball, location: 2F 1-2: Ball 2-2: Foul Ball, location: 2F 2-2: Ball 3-2: DOUBLE (Flyball, 7LD, EV 109.4 MPH)
|
|
Batting: RHB Steve Henderson
|
0-0: SINGLE (Groundball, 34D, EV 98.1 MPH) Tim Teufel to third Runner from 3rd tries for Home, SAFE, throw by RF to home
|
|
Batting: RHB Mike Heath
|
0-0: Ball 1-0: Ball 2-0: Bunted foul 2-1: Sac Bunt to 15 - play at first, batter OUT! 1-4 Steve Henderson to second
|
|
Batting: LHB Ryan MacFarland
|
0-0: Ball 1-0: Fly out, F9 (Flyball, 89S, EV 95.0 MPH)
|
|
Batting: RHB Mike A Marshall
|
0-0: Ball 1-0: Ground out 5-3 (Groundball, 56, EV 107.5 MPH)
|
| Bottom of the 5th over - 1 run, 2 hits, 0 errors, 1 left on base; Texas 0 - Chicago 1 |
| TOP OF THE 6TH |
|
Texas Rangers batting - Pitching for Chicago White Sox : RHP Bruce Kison
|
|
Batting: LHB Lenny Dykstra
|
0-0: Ball 1-0: Fly out, F9 (Line Drive, 9, EV 99.4 MPH)
|
|
Pitching: LHP Gary Christophel
|
|
|
Batting: RHB Kirby Puckett
|
0-0: Ball 1-0: Foul Ball, location: 2F 1-1: SINGLE (Groundball, 34D, EV 104.4 MPH)
|
|
Batting: RHB Steve Garvey
|
0-0: SINGLE (Line Drive, 8RS, EV 96.3 MPH) Kirby Puckett to second Kirby Puckett to third
|
|
Batting: RHB George Bjorkman
|
0-0: Ball 1-0: Foul Ball, location: 2F 1-1: Ball Steve Garvey is caught stealing 2nd base 2-4 2-1: Fly out, F8 (Line Drive, 8RD, EV 98.8 MPH)
|
| Top of the 6th over - 0 runs, 2 hits, 0 errors, 1 left on base; Texas 0 - Chicago 1 |
| BOTTOM OF THE 6TH |
|
Chicago White Sox batting - Pitching for Texas Rangers : RHP Tim Leary
|
|
Batting: LHB Steve Christmas
|
0-0: Called Strike 0-1: Ground out 1-3 (Groundball, 13, EV 65.6 MPH)
|
|
Batting: SHB Ozzie Smith
|
0-0: Fly out, F6 (Popup, 6S, EV 87.5 MPH)
|
|
Batting: LHB Mitchell Page
|
0-0: Ball 1-0: Ball 2-0: Fly out, F8 (Line Drive, 8RM, EV 86.9 MPH)
|
| Bottom of the 6th over - 0 runs, 0 hits, 0 errors, 0 left on base; Texas 0 - Chicago 1 |
| TOP OF THE 7TH |
|
Texas Rangers batting - Pitching for Chicago White Sox : LHP Gary Christophel
|
|
Pitching: RHP Dave A Campbell
|
|
|
Batting: LHB Jody Helser
|
0-0: Foul Ball, location: 2F 0-1: Ground out U3 (Groundball, 13, EV 79.4 MPH)
|
|
Batting: LHB Richie Hebner
|
0-0: Called Strike 0-1: Swinging Strike 0-2: Ball 1-2: Strikes out swinging
|
|
Batting: LHB Ernie Whitt
|
0-0: Called Strike 0-1: Fly out, F6 (Flyball, 6MD, EV 91.9 MPH)
|
| Top of the 7th over - 0 runs, 0 hits, 0 errors, 0 left on base; Texas 0 - Chicago 1 |
| BOTTOM OF THE 7TH |
|
Chicago White Sox batting - Pitching for Texas Rangers : RHP Tim Leary
|
|
Batting: RHB Kevin McReynolds
|
0-0: Called Strike 0-1: Ball 1-1: Swinging Strike 1-2: Strikes out swinging, 2-3 out at first.
|
|
Batting: RHB Tim Teufel
|
0-0: Ball 1-0: Ground out 1-3 (Groundball, P, EV 70.0 MPH)
|
|
Batting: RHB Steve Henderson
|
0-0: Ball 1-0: Foul Ball, location: 2F 1-1: Ball 2-1: Foul Ball, location: 2F 2-2: Foul Ball, location: 2F 2-2: Strikes out looking
|
| Bottom of the 7th over - 0 runs, 0 hits, 0 errors, 0 left on base; Texas 0 - Chicago 1 |
| TOP OF THE 8TH |
|
Texas Rangers batting - Pitching for Chicago White Sox : RHP Dave A Campbell
|
|
Batting: RHB Juan Rodriguez
|
0-0: Foul Ball, location: 2F 0-1: Ground out 6-3 (Groundball, 6, EV 85.6 MPH)
|
|
Batting: RHB Juan Samuel
|
0-0: Called Strike 0-1: Ball 1-1: Ball 2-1: Ball 3-1: Foul Ball, location: 2F 3-2: Base on Balls
|
|
Batting: LHB Lenny Dykstra
|
0-0: Swinging Strike 0-1: Ball 1-1: Ball 2-1: Grounds into double play, 6-4-3 (Groundball, 6, EV 101.3 MPH)
|
| Top of the 8th over - 0 runs, 0 hits, 0 errors, 0 left on base; Texas 0 - Chicago 1 |
| BOTTOM OF THE 8TH |
|
Chicago White Sox batting - Pitching for Texas Rangers : RHP Tim Leary
|
|
Batting: RHB Mike Heath
|
0-0: Foul Ball, location: 2F 0-1: Fly out, F7 (Flyball, 7S, EV 85.0 MPH)
|
|
Batting: LHB Ryan MacFarland
|
0-0: Ball 1-0: Ball 2-0: Fly out, F8 (Flyball, 89XD, EV 81.3 MPH)
|
|
Batting: RHB Mike A Marshall
|
0-0: Foul Ball, location: 2F 0-1: Ball 1-1: Foul Ball, location: 2F 1-2: SINGLE (Line Drive, 8LS, EV 98.8 MPH)
|
|
Batting: LHB Steve Christmas
|
0-0: Called Strike 0-1: Ball 1-1: SINGLE (Line Drive, 7S, EV 96.9 MPH) Mike A Marshall to second Runner from 2nd tries for 3rd, SAFE, no throw by LF
|
|
Batting: SHB Ozzie Smith
|
0-0: DOUBLE (Line Drive, 7LD, EV 106.9 MPH) Mike A Marshall scores Steve Christmas to third Runner from 3rd tries for Home, throw by LF and OUT! 7-6-2
|
| Bottom of the 8th over - 1 run, 3 hits, 0 errors, 1 left on base; Texas 0 - Chicago 2 |
| TOP OF THE 9TH |
|
Texas Rangers batting - Pitching for Chicago White Sox : RHP Dave A Campbell
|
|
Batting: RHB Kirby Puckett
|
0-0: Ball 1-0: Ground out 5-3 (Groundball, 5S, EV 88.8 MPH)
|
|
Batting: RHB Steve Garvey
|
0-0: Ball 1-0: Ball 2-0: Called Strike 2-1: Called Strike 2-2: Fly out, F8 (Flyball, 8RM, EV 82.5 MPH)
|
|
Batting: RHB George Bjorkman
|
0-0: Foul Ball, location: 2F 0-1: Ball 1-1: Swinging Strike 1-2: Ball 2-2: Ground out 6-3 (Groundball, 6, EV 102.5 MPH)
|
| Top of the 9th over - 0 runs, 0 hits, 0 errors, 0 left on base; Texas 0 - Chicago 2 |
|